 Dungeon Crawl Stone Soup version 0.18.1-48-g4cf74bf (webtiles) character file.

368 Lorraine the Insei (level 6, 0/48 HPs)
             Began as a Demonspawn Monk on Sept 4, 2016.
             Killed from afar by an orc wizard (5 damage)
             ... with a magic dart
             ... on level 3 of the Dungeon on Sept 5, 2016.
             The game lasted 00:08:41 (4373 turns).

Lorraine the Insei (Demonspawn Monk)                Turns: 4373, Time: 00:08:41

Health: 0/48       AC:  5    Str: 17      XL:     6   Next: 41%
Magic:  6/6        EV: 14    Int: 10 (13) God:
Gold:   97         SH:  0    Dex: 17 (20) Spells: 0 memorised, 5 levels left

rFire  . . .     SeeInvis .       - Unarmed
rCold  . . .     Gourm    .     a - +0 robe
rNeg   . . .     Faith    .     (no shield)
rPois  .         Spirit   .     (no helmet)
rElec  .         Dismiss  .     (no cloak)
rCorr  .         Reflect  .     i - +2 pair of gloves
SustAt .         Harm     .     (no boots)
MR     .....                    (no amulet)
Stlth  +++.......               (no ring)
                                h - +3 ring of dexterity

@: mighty, not resistant to hostile enchantments, fairly stealthy
A: claws 1, thin skeletal structure 1
a: no special abilities


You were on level 3 of the Dungeon.
You were not hungry.

You visited 1 branch of the dungeon, and saw 4 of its levels.

You collected 97 gold pieces.

Inventory:

Hand Weapons
 s - a +1 dagger of electrocution
Missiles
 o - 165 stones (quivered)
Armour
 a - a +0 robe (worn)
 i - a +2 pair of gloves (worn)
Jewellery
 h - a +3 ring of dexterity (left hand)
Wands
 f - a wand of flame (27/48)
Scrolls
 c - a scroll of remove curse
 e - a scroll of immolation {unknown}
 j - a scroll of blinking
 p - a scroll of enchant weapon {unknown}
Potions
 d - a potion of might
 q - 2 potions of ambrosia
 r - a potion of lignification {unknown}
Comestibles
 b - 4 bread rations
 g - 3 chunks of flesh
 k - a meat ration
 n - 3 fruits


   Skills:
 + Level 4.2 Fighting
 + Level 3.6 Dodging
 + Level 3.6 Stealth
 * Level 5.1 Unarmed Combat


You had 5 spell levels left.
You didn't know any spells.

Dungeon Overview and Level Annotations

Branches:
Dungeon (4/15)
 Temple: D:4-7

Altars:
Makhleb

Annotations:
D:2 Natasha


Innate Abilities, Weirdness & Mutations

You have sharp fingernails.
You have a somewhat thin skeletal structure (Dex +2, Stealth).


Message History

The hound barely misses you.
Drink which item? (? for menu, Esc to quit)
You feel very mighty all of a sudden. The hound bites you.
* * * LOW HITPOINT WARNING * * *
You punch the hound!
You kill the hound!
You punch the orc!
You kill the orc!
The orc wizard casts a spell at you. The puff of flame hits you!
* * * LOW HITPOINT WARNING * * *
The orc wizard hits you with a dagger.
* * * LOW HITPOINT WARNING * * *
Things that are here:
a club; a ring mail You closely miss the orc wizard.
Your punch misses the orc wizard.
The orc wizard points at you and mumbles some strange words.
The magic dart hits you!
You die...

######### #.......#
#.......# #.......#
###### #.......# ##....#
#.......#####.....#
#.................#
#.......###..##...##
#........@o..#(._..#
####.....#...#.#∩########
##.##.#...##### #....#
#..#.#.#..#### ####.#
##.....#.....## #.##
###.....#.#..## #...
##..#.#.##..######.
###..#.#.###......##
#......#.# ######.(.


You could see an orc wizard.

Vanquished Creatures
  An orc priest (D:4)
  2 hounds (D:3)
  Jessica (D:2)
  Natasha (D:2)
  2 worker ants (D:3)
  8 adders
  3 oozes
  An adder skeleton (D:4)
  2 worms
  2 dart slugs
  3 giant geckos
  4 orcs (D:3)
  4 ball pythons
  5 bats
  5 giant cockroaches
  7 goblins
  11 hobgoblins
  3 jackals (D:2)
  3 quokkas
  A giant gecko skeleton (D:4)
  3 giant newts (D:1)
  10 kobolds
  8 rats
90 creatures vanquished.

Notes
Turn   | Place    | Note
--------------------------------------------------------------
     0 | D:1      | Lorraine the Demonspawn Monk began the quest for the Orb.
     0 | D:1      | Reached XP level 1. HP: 18/18 MP: 1/1
    59 | D:1      | Gained mutation: You have a somewhat thin skeletal structure (Dex +2, Stealth). [demonic ancestry]
    59 | D:1      | Reached XP level 2. HP: 5/24 MP: 2/2
  1334 | D:1      | Gained mutation: You have sharp fingernails. [demonic ancestry]
  1334 | D:1      | Reached XP level 3. HP: 17/29 MP: 3/3
  1964 | D:2      | Reached XP level 4. HP: 35/37 MP: 4/4
  1988 | D:2      | Reached skill level 4 in Unarmed Combat
  2455 | D:2      | Noticed Jessica
  2462 | D:2      | Noticed Natasha
  2635 | D:2      | Killed Natasha
  2638 | D:2      | Killed Jessica
  2638 | D:2      | Reached XP level 5. HP: 42/42 MP: 5/5
  2961 | D:2      | Noticed Natasha
  2978 | D:2      | HP: 2/42 [quokka skeleton (2)]
  3626 | D:3      | Found a burning altar of Makhleb.
  3917 | D:4      | Noticed an ogre
  3928 | D:3      | Reached XP level 6. HP: 40/48 MP: 6/6
  4334 | D:4      | Reached skill level 5 in Unarmed Combat
  4373 | D:3      | Killed from afar by an orc wizard

Skill      XL: |  1  2  3  4  5  6 |
---------------+-------------------+-----
Dodging        | 3 |  3.6
Stealth        | 2 3 |  3.6
Unarmed Combat | 4 5 |  5.1
Fighting       | 4 |  4.2

Action                   |  1- 3 |  4- 6 || total
-------------------------+-------+-------++-------
Melee: Unarmed           |   132 |   210 ||   342
       Punch             |     4 |     2 ||     6
       Dagger            |       |    16 ||    16
  Use: Potion            |       |     9 ||     9
       Scroll            |       |     9 ||     9
 Stab: Sleeping          |     8 |     4 ||    12
  Eat: Chunk             |     3 |     9 ||    12
Armor: Robe              |    19 |    37 ||    56
Dodge: Dodged            |    73 |   162 ||   235
